 Dungeon Crawl Stone Soup version 0.32-a0-921-g04a7ad8e02 (webtiles) character file.

Game seed: 610784996421667586

252 Essalna the Firebug (level 5, -8/39 HPs)
             Began as a Demonspawn Fire Elementalist on Apr 12, 2024.
             Killed by divine providence
             ... invoked by an orc priest
              (9 damage)
             ... on level 3 of the Dungeon.
             The game lasted 00:03:45 (2343 turns).

Essalna the Firebug (Demonspawn Fire Elementalist)  Turns: 2343, Time: 00:03:45

Health: -8/39      AC:  4    Str:  9    XL:     5   Next: 89%
Magic:  5/9        EV: 11    Int: 17    God:
Gold:   183        SH:  5    Dex: 13    Spells: 7/10 levels left

rFire   . . .        f - +0 whip (venom)
rCold   . . .        (no shield)
rNeg    . . .        a - +0 robe
rPois   .            (no helmet)
rElec   .            (no cloak)
rCorr   .            (no gloves)
SInv    .            d - +0 pair of boots
Will    +....        j - amulet of reflection
Stlth   ++           h - ring of willpower
HPRegen 0.26/turn    (no ring)
MPRegen 0.11/turn

%: reflection
@: no status effects
A: powered by pain 1, spiny 1, sharp scales 1
a: Convert to Beogh


You were on level 3 of the Dungeon.
You visited 1 branch of the dungeon, and saw 3 of its levels.

You collected 183 gold pieces.

Inventory:

Hand Weapons
 f - a +0 whip of venom (weapon)
Armour
 a - a +0 robe (worn)
 d - a +0 pair of boots (worn)
Magical Staves
 k - a staff of death
Jewellery
 h - a ring of willpower (left hand)
 j - an amulet of reflection (around neck)
Scrolls
 c - 2 scrolls of vulnerability
 g - 2 scrolls of identify
 m - a scroll of noise {unknown}
Potions
 b - a potion of magic
 e - 3 potions of heal wounds {unknown}
 i - 2 potions of curing {unknown}
 l - 2 potions of mutation {unknown}
 n - 2 potions of might {unknown}


   Skills:
 + Level 2.6 Fighting
 - Level 1.7 Dodging
 - Level 1.7 Stealth
 + Level 3.3 Spellcasting
 + Level 2.9 Conjurations
 + Level 3.8 Fire Magic


You had 7 spell levels left.
You knew the following spells:

 Your Spells              Type           Power      Damage    Failure   Level
a - Foxfire               Conj/Fire      56%        2x1d6     4%          1
b - Scorch                Fire           30%        2d6       5%          2

Your spell library contained the following spells:

 Spells                   Type           Power      Damage    Failure   Level
 Inner Flame              Hex/Fire       9%         N/A       24%         3
 Volatile Blastmotes      Fire/Tloc      18%        2d11      24%         3
 Flame Wave               Conj/Fire      14%        2d6       38%         4
 Fulminant Prism          Conj/Alch      3%         3d5       67%         4
 Iskenderun's Mystic Bla Conj/Tloc 7%             2d4        (+2d1     67%         4


Dungeon Overview and Level Annotations

Branches:
Dungeon (3/15)

Altars:
Qazlal


Innate Abilities, Weirdness & Mutations

You sometimes gain a little power by taking damage.
You are partially covered in sharp spines.
You are partially covered in razor-sharp scales. (AC +1, Slay +1)


Message History

The orc priest is poisoned.
The orc priest is lightly wounded.
The foxfire hits the orc priest but does no damage.
The orc priest is lightly wounded.
You hit the orc priest but do no damage.
The orc priest looks even sicker.
The orc priest is lightly wounded.
The orc priest calls down the wrath of Beogh upon you.
Beogh smites you!
You focus on the pain.
You feel your power returning.
The orc priest hits you with a +0 short sword.
The orc priest shouts, "The Pantheon deserves no one's loyalty.
Let us show you the true path!" (press Y on the ability menu to convert to Beogh)
You barely miss the orc priest.
The orc priest is heavily wounded.
The orc priest invokes the aid of Beogh against you.
Pain shoots through your body!
The orc priest shouts, "Beogh offers mercy even to people such as you.
Join us and be reborn!"
You hit the orc priest but do no damage.
The orc priest looks as sick as possible!
The orc priest is severely wounded.
The orc priest shouts, "Beogh offers mercy even to people such as you.
Join us and be reborn!"
The orc priest invokes the aid of Beogh against you.
Beogh smites you!
* * * LOW HITPOINT WARNING * * *
You closely miss the orc priest.
The orc priest is severely wounded.
The orc priest hits you with a +0 short sword.
* * * LOW HITPOINT WARNING * * *
Casting: Foxfire (safe; 4% risk of failure)
Confirm with . or Enter, or press ? or * to list all spells.
Flames lash the orc priest but do no damage.
The orc priest threatens, "Beogh's wrath is as vast as their mercy.
Make your choice!"
The orc priest hits you with a +0 short sword.
* * * LOW HITPOINT WARNING * * *
Casting: Scorch (safe; 5% risk of failure)
Confirm with . or Enter, or press ? or * to list all spells.
Flames lash the orc priest but do no damage.
The orc priest mumbles some strange prayers to Beogh against you.
Beogh smites you!
You die...

# ##..##.## ##########
##..##...'
#........###..##..#..
##.######.#...##..#.#.
###...####....###..#._.#
#.......##......##..#.#.
#.#...#.#.#.#.#..##..#..
##o##o.##.##.#..##...#
#. #@...........##.## #o
##.##.##.#.#..###. #.
##.#.# ##..#.. .. #o
#... #..#. .# #o #.# ##
#o .# #


You could see an orc priest (extremely poisoned).

Vanquished Creatures
  Sigmund (D:2)
  Terence (D:2)
  3 adders (D:2)
  2 dart slugs (D:1)
  5 ball pythons
  2 bats (D:1)
  4 endoplasms
  4 giant cockroaches
  4 goblins
  3 hobgoblins
  2 jackals (D:1)
  7 kobolds
  A frilled lizard (D:2)
  2 rats
41 creatures vanquished.

Vanquished Creatures (others)
  121 foxfires
121 creatures vanquished.

Grand Total: 162 creatures vanquished

Notes
Turn   | Place    | Note
-------+----------+-------------------------------------------
     0 | D:1      | Essalna the Demonspawn Fire Elementalist began the quest
                  | for the Orb.
     0 | D:1      | Reached XP level 1. HP: 13/13 MP: 3/3
   240 | D:1      | Gained mutation: You sometimes gain a little power by
                  | taking damage. [demonic ancestry]
   240 | D:1      | Reached XP level 2. HP: 20/20 MP: 3/5
   550 | D:1      | Reached skill level 1 in Fighting
   877 | D:1      | Gained mutation: You are partially covered in sharp spines.
                  | [demonic ancestry]
   877 | D:1      | Reached XP level 3. HP: 26/26 MP: 6/6
  1317 | D:2      | Noticed Sigmund
  1325 | D:2      | Killed Sigmund
  1326 | D:2      | Reached XP level 4. HP: 34/34 MP: 0/8
  1326 | D:2      | Gained mutation: You are partially covered in razor-sharp
                  | scales. (AC +1, Slay +1) [demonic ancestry]
  1326 | D:2      | Reached XP level 5. HP: 39/39 MP: 0/9
  1437 | D:2      | Noticed Terence
  1453 | D:2      | Killed Terence
  1643 | D:2      | Learned a level 2 spell: Scorch
  2254 | D:3      | Found a stormy altar of Qazlal.
  2342 | D:3      | HP: 1/39 [orc priest/+0 short sword (2)]
  2343 | D:3      | Killed from afar by an orc priest

Illustrated notes

Levels and vault maps discovered:
D:1:      amcnicky_arrival_double_pillar, layout_basic
D:2:      layout_loops_cross, nicolae_underground_beach, uniq_sigmund,
          uniq_terence
D:3:      layout_loops_ring, lemuel_tele_altar, tso_metal_star,
          kennysheep_flooded_box, kennysheep_generic_room_16

Skill      XL: |  1  2  3 |
---------------+----------+-----
Fighting       | 1 2 |  2.6
Fire Magic     | 3 |  3.8
Spellcasting   | 3 |  3.3
Conjurations   | 2 |  2.9
Dodging        | |  1.7
Stealth        | |  1.7

Action                     |  1- 3 |  4- 6 || total
---------------------------+-------+-------++-------
  Melee: Whip              |    18 |    25 ||    43
   Cast: Foxfire           |    47 |    21 ||    68
         Scorch            |       |     2 ||     2
    Use: Scroll            |       |     4 ||     4
   Stab: Sleeping          |     1 |     1 ||     2
 Armour: Robe              |    14 |    18 ||    32
  Dodge: Dodged            |    13 |     9 ||    22
  Block: Other             |       |     4 ||     4

Table legend: (Time is in decaauts)
 A = Elapsed time spent in this place.
 B = Non-inter-level travel time spent in this place.
 C = Inter-level travel time spent in this place.
 D = Time resting spent in this place.
 E = Time spent auto-exploring this place.
 F = Levels seen in this place.
 G = Mean time per level.
                   A        B        C        D        E       F      G
               +--------+--------+--------+--------+--------+-----+--------+
         Total |   2347 |   2315 |     32 |      0 |   1974 |   3 |  782.3 |
       Dungeon |   2347 |   2315 |     32 |      0 |   1974 |   3 |  782.3 |
               +--------+--------+--------+--------+--------+-----+--------+

Top non-repeatable levels by time:
     D:1: 1222 daAuts
     D:2: 886 daAuts
     D:3: 238 daAuts
